 Dungeon Crawl Stone Soup version 0.23.1 (webtiles) character file.

Game seed: 14689004786130588406

833 Fang the Skirmisher (level 7, -3/45 HPs)
             Began as a Gargoyle Berserker on Mar 18, 2019.
             Was a Priest of Trog.
             Killed from afar by an orc wizard (4 damage)
             ... with a magic dart
             ... on level 5 of the Dungeon.
             The game lasted 00:08:11 (5116 turns).

Fang the Skirmisher (Gargoyle Berserker)            Turns: 5116, Time: 00:08:11

Health: -3/45      AC: 10    Str: 22    XL:     7   Next: 98%
Magic:  7/7        EV: 12    Int:  8    God:    Trog [***...]
Gold:   241        SH:  0    Dex:  9    Spells: 6/6 levels left

rFire    . . .     SeeInvis .   a - +0 hand axe
rCold    + . .     Gourm    .   (no shield)
rNeg     + . .     Faith    .   o - +0 ring mail
rPois    ∞         Spirit   .   (no helmet)
rElec    +         Reflect  .   (no cloak)
rCorr    +         Harm     .   (no gloves)
MR       .....                  (no boots)
Stlth    ..........             (no amulet)
HPRegen  0.15/turn              r - ring of protection from cold
MPRegen  0.10/turn              l - ring of resist corrosion

@: berserk cooldown, slowed, very slow
A: negative energy resistance 1, electricity resistance, unbreathing,
petrification resistance, rot immunity, AC +4
a: Berserk, Trog's Hand, Renounce Religion


You were on level 5 of the Dungeon.
You worshipped Trog.
Trog was most pleased with you.
You were near starving.

You visited 1 branch of the dungeon, and saw 5 of its levels.

You collected 241 gold pieces.

Inventory:

Hand Weapons
 a - a +0 hand axe (weapon)
Armour
 o - a +0 ring mail (worn)
Jewellery
 l - a ring of resist corrosion (right hand)
 r - a ring of protection from cold (left hand)
 t - an uncursed ring of magical power
Wands
 g - a wand of random effects (23)
Scrolls
 b - a scroll of remove curse {unknown}
 e - 3 scrolls of identify {unknown}
 h - a scroll of magic mapping {unknown}
 j - 3 scrolls of enchant weapon {unknown}
 m - 2 scrolls of teleportation {unknown}
 p - a scroll of fear {unknown}
Potions
 d - 2 potions of brilliance {unknown}
 f - 2 potions of curing
 i - a potion of magic {unknown}
 k - 2 potions of might {unknown}
 n - a potion of flight {unknown}
 q - a potion of lignification {unknown}
Comestibles
 c - 12 rations
 s - a chunk of flesh


   Skills:
 + Level 5.7 Fighting
 + Level 4.7 Axes
 + Level 5.1 Armour
 + Level 3.8 Dodging


You had 6 spell levels left.
You didn't know any spells.
Your spell library was empty.

Dungeon Overview and Level Annotations

Branches:
Dungeon (5/15)             Temple (0/1) D:4

Altars:


Innate Abilities, Weirdness & Mutations

You are resistant to torment.
Your stone body is resilient. (AC +4)
You are immune to poison.
You resist negative energy. (rN+)
You are resistant to electric shocks. (rElec)
You can survive without breathing.
You are immune to petrification.
You are immune to rotting.


Message History

The orc wizard hits you but does no damage.
The adder bites you.
* * * LOW HITPOINT WARNING * * *
The orc wizard closely misses you.
You barely miss the orc wizard.
The orc wizard is heavily wounded.
You hit the adder.
You kill the adder!
Trog accepts your kill. The orc wizard misses you.
You hit the orc wizard.
The orc wizard is severely wounded.
The orc wizard hits you but does no damage. x2
You barely miss the orc wizard.
The orc wizard is severely wounded.
The orc wizard points at you and mumbles some strange words.
You resist with some effort.
The orc wizard gestures at you while chanting.
The magic dart hits you.
You die...

####### #.....#
#.###.# #########
#@†.#.# #(.......
#o#.#.####........
#)[.#.............
#.#$####.#........
#...# #.#.......÷
#.#.# #.#........
#...# #.#........
#.### #.#........
#.. ...........


You could see an orc wizard.

Vanquished Creatures
  A phantom (D:5)
  A centaur (D:4)
  2 howler monkeys
  A jelly (D:5)
  2 hounds (D:5)
  3 orc wizards
  2 orc priests
  Terence (D:2)
  Ijyb (D:3)
  Natasha (twice) (D:2)
  A worker ant (D:4)
  A howler monkey zombie (D:5)
  4 gnolls (D:3)
  7 adders
  An ooze (D:1)
  5 worms
  A dart slug (D:1)
  3 leopard geckos
  14 orcs
  11 bats
  9 giant cockroaches
  8 goblins
  7 hobgoblins
  2 jackals (D:5)
  2 quokkas
  5 frilled lizards
  7 kobolds
  8 rats
112 creatures vanquished.

Notes
Turn   | Place    | Note
-------+----------+-------------------------------------------
     0 | D:1      | Fang the Gargoyle Berserker began the quest for the Orb.
     0 | D:1      | Reached XP level 1. HP: 14/14 MP: 1/1
   334 | D:1      | Reached XP level 2. HP: 16/19 MP: 2/2
   888 | D:1      | Reached XP level 3. HP: 18/23 MP: 3/3
  1166 | D:2      | Reached ** piety under Trog
  1561 | D:2      | Noticed Terence
  1573 | D:2      | Killed Terence
  1573 | D:2      | Reached XP level 4. HP: 27/29 MP: 4/4
  1609 | D:2      | Noticed Natasha
  1623 | D:2      | Killed Natasha
  1981 | D:2      | Noticed Natasha
  1991 | D:2      | Killed Natasha
  1991 | D:2      | Reached XP level 5. HP: 16/33 MP: 5/5
  2386 | D:3      | Noticed Ijyb
  2410 | D:3      | Killed Ijyb
  2699 | D:3      | Reached XP level 6. HP: 39/39 MP: 6/6
  2989 | D:3      | Reached *** piety under Trog
  3457 | D:4      | Reached skill level 5 in Fighting
  3457 | D:4      | Reached XP level 7. HP: 16/44 MP: 7/7
  3811 | D:4      | Found a staircase to the Ecumenical Temple.
  4730 | D:5      | Entered Level 5 of the Dungeon
  5068 | D:5      | Reached skill level 5 in Armour
  5110 | D:5      | HP: 2/45 [adder (1)]
  5116 | D:5      | Killed from afar by an orc wizard

Skill      XL: |  1  2  3  4  5  6  7 |
---------------+----------------------+-----
Axes           | 3 4 |  4.7
Dodging        | 2 3 |  3.8
Armour         | 3 4 5 |  5.1
Fighting       | 4 5 |  5.7

Action                   |  1- 3 |  4- 6 |  7- 9 || total
-------------------------+-------+-------+-------++-------
Melee: Hand axe          |   142 |   195 |   155 ||   492
Invok: Berserk           |       |     3 |     1 ||     4
       Trog's Hand       |       |       |     1 ||     1
 Stab: Sleeping          |       |     1 |       ||     1
  Eat: Chunk             |     2 |     9 |     2 ||    13
       Ration            |       |       |     1 ||     1
Armor: Animal skin       |    62 |    34 |       ||    96
       Ring mail         |       |    45 |    81 ||   126
Dodge: Dodged            |    94 |   129 |   106 ||   329
